 Dungeon Crawl Stone Soup version 0.22.0-38-g04b72b8 (webtiles) character file.

86 Inarius the Ducker (level 4, 0/33 HPs)
             Began as a Demonspawn Gladiator on Aug 30, 2018.
             Slain by a worm (8 damage)
             ... on level 2 of the Dungeon.
             The game lasted 00:03:04 (1343 turns).

Inarius the Ducker (Demonspawn Gladiator)           Turns: 1343, Time: 00:03:05

Health: 0/33       AC:  8    Str: 15    XL:     4   Next: 26%
Magic:  4/4        EV: 12    Int:  9    God:
Gold:   41         SH:  0    Dex: 15    Spells: 3/3 levels left

rFire    . . .     SeeInvis .   i - -2 short sword (curse)
rCold    + . .     Gourm    .   (no shield)
rNeg     . . .     Faith    .   p - +0 ring mail (curse)
rPois    .         Spirit   .   (helmet restricted)
rElec    .         Reflect  .   (no cloak)
rCorr    .         Harm     .   (no gloves)
MR       .....                  m - +0 pair of boots
Stlth    +.........             (no amulet)
HPRegen  0.11/turn              (no ring)
MPRegen  0.09/turn              (no ring)

@: no status effects
A: horns 1, slimy green scales 1, cold resistance 1
a: no special abilities


You were on level 2 of the Dungeon.
You were hungry.

You visited 1 branch of the dungeon, and saw 2 of its levels.

You collected 41 gold pieces.

Inventory:

Hand Weapons
 i - a cursed -2 short sword (weapon)
 k - a +0 short sword of flaming
Missiles
 a - 8 tomahawks
 d - 3 throwing nets (quivered)
Armour
 m - a +0 pair of boots (worn)
 p - a cursed +0 ring mail (worn)
Scrolls
 h - 2 scrolls of identify
 l - a scroll of remove curse {unknown}
 n - a scroll of random uselessness {unknown}
Potions
 j - a potion of curing {unknown}
 o - a potion of lignification {unknown}
Comestibles
 b - 6 chunks of flesh
 f - 3 rations


   Skills:
 + Level 2.3 Fighting
 + Level 1.5(2.5) Short Blades
   Level 3.0(3.2) Long Blades
 - Level 1.7 Throwing
 + Level 1.4 Armour
 + Level 3.4 Dodging


You had 3 spell levels left.
You didn't know any spells.
Your spell library was empty.

Dungeon Overview and Level Annotations

Branches:
Dungeon (2/15)

Altars:


Innate Abilities, Weirdness & Mutations

You have a pair of small horns on your head.
You are partially covered in slimy green scales. (AC +2)
Your flesh is cold resistant. (rC+)


Message History

The worm is severely wounded.
The worm bites you but does no damage.
You hit the worm but do no damage.
The worm is severely wounded.
You hit the worm but do no damage. Your headbutt misses the worm.
The worm is severely wounded.
The worm bites you but does no damage.
You hit the worm.
You headbutt the worm, but do no damage.
The worm is almost dead.
You hit the worm but do no damage.
The worm is almost dead.
The worm bites you!
* * * LOW HITPOINT WARNING * * *
You barely miss the worm.
The worm is almost dead.
You barely miss the worm. Your headbutt misses the worm.
The worm is almost dead.
The worm bites you!
You die...

#.#
#.#
#.#
#.#
#[#
#.#
#.#
#@#
#w#
#.#
#)#
#...#
###.#
.# #


You could see a worm.

Vanquished Creatures
  An iguana (D:2)
  3 adders (D:2)
  2 giant cockroaches (D:1)
  2 hobgoblins
  4 jackals (D:1)
  4 kobolds (D:1)
  A quokka (D:2)
  6 bats
  4 frilled lizards
  3 goblins (D:1)
  6 rats
36 creatures vanquished.

Notes
Turn   | Place    | Note
-------+----------+-------------------------------------------
     0 | D:1      | Inarius the Demonspawn Gladiator began the quest for the Orb.
     0 | D:1      | Reached XP level 1. HP: 16/16 MP: 1/1
   318 | D:1      | Gained mutation: Your flesh is cold resistant. (rC+) [demonic ancestry]
   318 | D:1      | Reached XP level 2. HP: 21/22 MP: 2/2
  1120 | D:2      | Gained mutation: You are partially covered in slimy green scales. (AC +2) [demonic ancestry]
  1120 | D:2      | Reached XP level 3. HP: 27/27 MP: 3/3
  1135 | D:2      | Reached skill level 1 in Armour
  1150 | D:2      | Reached skill level 1 in Short Blades
  1151 | D:2      | Gained mutation: You have a pair of small horns on your head. [demonic ancestry]
  1151 | D:2      | Reached XP level 4. HP: 23/33 MP: 4/4
  1343 | D:2      | Slain by a worm

Skill      XL: |  1  2  3 |
---------------+----------+-----
Long Blades    | 3 |  3.0
Dodging        | 3 |  3.4
Armour         | 1 |  1.4
Short Blades   | 1 |  1.5
Fighting       | |  2.3
Throwing       | |  1.7

Action                   |  1- 3 |  4- 6 || total
-------------------------+-------+-------++-------
Melee: Long sword        |    26 |       ||    26
       Short sword       |    81 |    28 ||   109
       Headbutt          |       |     6 ||     6
Throw: Throwing net      |     1 |       ||     1
  Use: Scroll            |       |     3 ||     3
 Stab: Sleeping          |     2 |       ||     2
  Eat: Chunk             |     1 |       ||     1
Armor: Leather armour    |    25 |       ||    25
       Ring mail         |    12 |     5 ||    17
Dodge: Dodged            |    90 |     8 ||    98
       Rpst.: Long sword |     7 |       ||     7
